 Dungeon Crawl Stone Soup version 0.29-a0-474-gdfe5cd140f (webtiles) character file.

Game seed: 9013081673681309095

83246 dabmancer the Eclecticist (level 15, -7/67 HPs)
             Began as a Spriggan Hedge Wizard on May 23, 2022.
             Was an Elder of Sif Muna.
             Mangled by an eight-headed hydra (14 damage)
             ... on level 6 of the Lair of Beasts on May 24, 2022.
             The game lasted 04:28:35 (40156 turns).

dabmancer the Eclecticist (Spriggan Hedge Wizard)  Turns: 40156, Time: 04:28:36

Health: -7/67      AC: 13    Str:  6    XL:     15   Next: 31%
Magic:  35/40      EV: 22    Int: 32    God:    Sif Muna [****..]
Gold:   1916       SH:  5    Dex: 16    Spells: 8/55 levels left

rFire   . . .      SeeInvis +   M - +6 spear "Beastbane" {drain, rPois rF- rC+ Int+4}
rCold   + + +      Faith    .   (no shield)
rNeg    . . .      Spirit   .   V - +2 robe {rC+ rF+}
rPois   +          Reflect  +   c - +2 hat
rElec   .          Harm     .   g - +2 cloak
rCorr   .          Rampage  .   (gloves unavailable)
Will    ++...                   (boots unavailable)
Stlth   +++.......              j - amulet of the Tempest {Reflect rC+ Regen+ SH+5}
HPRegen 1.01/turn               B - +4 ring of protection
MPRegen 0.27/turn               T - +6 ring of intelligence

@: lethally poisoned (-7 -> -8), on berserk cooldown, slowed, quick
A: very small, no large weapons, unfitting armour, see invisible, speed 3
a: Renounce Religion, Channel Magic, Forget Spell, Divine Exegesis


You were on level 6 of the Lair of Beasts.
You worshipped Sif Muna.
Sif Muna was greatly pleased with you.
You visited 6 branches of the dungeon, and saw 23 of its levels.

You collected 1916 gold pieces.

Inventory:

Hand Weapons
 M - the +6 spear "Beastbane" (weapon) {drain, rPois rF- rC+ Int+4}
   (You found it on level 5 of the Dungeon)

   A truly terrible weapon, it drains the life of any living foe it strikes.
   Int:       It affects your intelligence (+4).
   rF:        It makes you vulnerable to fire.
   rC:        It protects you from cold.
   rPois:     It protects you from poison.
 X - the +2 quarterstaff of a Million Lives {freeze, *Noise rElec rPois Int+9}
   (You found it on level 1 of the Lair of Beasts)

   It freezes those it strikes, dealing additional cold damage.
   It can also slow down cold-blooded creatures.
   Int:       It affects your intelligence (+9).
   rElec:     It insulates you from electricity.
   rPois:     It protects you from poison.
   *Noise:    It may make noises in combat.
Missiles
 m - 535 stones
 C - 23 poisoned darts
 G - 6 curare-tipped darts
 H - 4 throwing nets
 Q - 14 boomerangs
Armour
 b - a +2 robe of willpower
 c - a +2 hat (worn)
 g - a +2 cloak (worn)
 V - a +2 robe of resistance (worn)
Jewellery
 e - an amulet of faith
 j - the amulet of the Tempest (around neck) {Reflect rC+ Regen+ SH+5}
   (You acquired it on level 3 of the Lair of Beasts)

   [amulet of reflection]

   It reflects blocked missile attacks.
   rC:        It protects you from cold.
   Regen:     It increases your rate of health regeneration.
   SH:        It affects your SH (+5).
 p - a ring of willpower
 q - a ring of resist corrosion
 A - an amulet of magic regeneration
 B - a +4 ring of protection (left hand)
 K - a +6 ring of dexterity
 T - a +6 ring of intelligence (right hand)
Wands
 h - a wand of acid (5)
 o - a wand of flame (29)
 U - a wand of paralysis (6)
 Z - a wand of charming (8)
Scrolls
 f - 15 scrolls of teleportation
 l - 6 scrolls of immolation
 n - 4 scrolls of blinking
 r - 2 scrolls of fog {unknown}
 v - a scroll of torment {unknown}
 w - 3 scrolls of poison
 x - 2 scrolls of noise
 D - 3 scrolls of fear
 F - 3 scrolls of enchant weapon
 I - 2 scrolls of brand weapon
 L - 2 scrolls of summoning
 O - 3 scrolls of amnesia {unknown}
 P - a scroll of enchant armour
 S - 2 scrolls of silence
 W - 4 scrolls of magic mapping
Potions
 a - 6 potions of curing
 d - 7 potions of magic
 i - 2 potions of heal wounds
 k - 2 potions of attraction
 s - a potion of haste
 t - 6 potions of flight
 u - a potion of invisibility {unknown}
 z - 3 potions of cancellation
 E - 4 potions of might
 J - a potion of berserk rage {unknown}
 N - a potion of resistance
 R - 3 potions of brilliance
Miscellaneous
 Y - a lightning rod (4/4)


   Skills:
 + Level 2.6 Fighting
 + Level 5.0 Polearms
 + Level 1.1(3.3) Staves
 + Level 9.3 Dodging
 + Level 6.1 Stealth
 + Level 0.8 Shields
 + Level 20.5 Spellcasting
 + Level 10.9 Conjurations
 + Level 0.6 Hexes
 + Level 4.8 Summonings
 + Level 2.3 Necromancy
 + Level 5.0 Translocations
 * Level 10.5 Transmutations
 + Level 2.8 Fire Magic
 + Level 2.3 Ice Magic
 + Level 0.7 Air Magic
 + Level 2.4 Poison Magic
 + Level 0.6 Invocations
 + Level 4.3 Evocations


You had 8 spell levels left.
You knew the following spells:

 Your Spells              Type           Power      Damage    Failure   Level
a - Magic Dart            Conj           100%       1d8       0%          1
b - Blink                 Tloc           100%       N/A       1%          2
c - Call Imp              Summ           59%        N/A       1%          2
d - Vampiric Draining     Necr           47%        2d9       1%          3
e - Mephitic Cloud        Conj/Pois/Air  58%        N/A       1%          3
f - Conjure Flame         Conj/Fire      67%        6-21      1%          3
g - Iskenderun's Battles  Conj           80%        2d13      1%          5
h - Fireball              Conj/Fire      33%        3d14      1%          5
i - Irradiate             Conj/Tmut      40%        3d26      1%          5
j - Olgreb's Toxic Radia  Pois           48%        N/A       3%          4
k - Summon Ice Beast      Ice/Summ       54%        N/A       2%          4
l - Alistair's Intoxicat  Tmut/Pois      43%        N/A       1%          5
m - Iskenderun's Mystic   Conj/Tloc      71%        2d14      1%          4
s - Slow                  Hex            100%       N/A       1%          1

Your spell library contained the following spells:

 Spells                   Type           Power      Damage    Failure   Level
 Beastly Appendage        Tmut           100%       N/A       0%          1
 Apportation              Tloc           100%       N/A       1%          1
 Sting                    Tmut/Pois      100%       1d8       1%          1
 Poisonous Vapours        Pois/Air       86%        N/A       1%          2
 Sublimation of Blood     Necr           47%        N/A       1%          2
 Call Canine Familiar     Summ           59%        N/A       1%          3
 Frozen Ramparts          Ice            94%        1d11      1%          3
 Gell's Gravitas          Tloc           60%        N/A       1%          3
 Lesser Beckoning         Tloc           60%        N/A       1%          3
 Teleport Other           Tloc           60%        N/A       1%          3
 Ice Form                 Ice/Tmut       65%        N/A       1%          4
 Petrify                  Tmut/Erth      61%        N/A       1%          4
 Confusing Touch          Hex            37%        N/A       2%          3
 Manifold Assault         Tloc           60%        N/A       3%          5
 Summon Forest            Summ/Tloc      29%        N/A       3%          5
 Summon Mana Viper        Hex/Summ       50%        N/A       10%         5
 Orb of Destruction       Conj           40%        9d11      10%         7
 Conjure Ball Lightning   Conj/Air       31%        3x3d10    14%         6
 Iron Shot                Conj/Erth      30%        9d6       17%         6
 Dispersal                Tloc           30%        N/A       21%         6
 Spellforged Servitor     Conj/Summ      35%        N/A       34%         7
 Storm Form               Tmut/Air       31%        N/A       65%         7
 Monstrous Menagerie      Summ           29%        N/A       77%         7
 Haunt                    Necr/Summ      27%        N/A       90%         7
 Ozocubu's Refrigeration  Ice            23%        4d9       98%         7
 Disjunction              Tloc           30%        N/A       100%        8
 Ignition                 Fire           25%        3d8       100%        8
 Summon Horrible Things   Summ           29%        N/A       100%        8


Dungeon Overview and Level Annotations

Branches:
Dungeon (13/15)            Temple (1/1) D:6            Lair (6/6) D:10
 Shoals (1/4) Lair:3       Spider (1/4) Lair:4          Orc (1/2) D:11
  Slime: Lair:5-6    Vaults: D:13-14

Altars:
Ashenzari
Cheibriados
Dithmenos
Elyvilon
Fedhas
Gozag
Hepliaklqana
Kikubaaqudgha
Makhleb
Nemelex Xobeh
Okawaru
Qazlal
Ru
Sif Muna
Trog
Uskayaw
Vehumet
Wu Jian
Xom
Yredelemnul
Zin
The Shining One
Lugonu

Shops:
D:1 =

Portals:
Abyss: Lair:6
Trove: D:12 (give +3 shadow dragon scales)

Annotations:
Lair:2 exclusion: oklob plant
Lair:6 1 transporter, exclusion: 2 oklob plants, Eringya2's ghost, journeyman SpEn


Innate Abilities, Weirdness & Mutations

You are very small and have problems with some larger weapons.
You are too small for most types of armour.
You have supernaturally acute eyesight. (SInv)
You cover ground extremely quickly. (Speed+++)


Message History

The black mamba completely misses you. The black mamba closely misses you.
The komodo dragon closely misses you. You block the moth of wrath's attack.
The moth of wrath bites you! You block the komodo dragon's attack.
You hit the komodo dragon.
You kill the komodo dragon!
Sif Muna accepts your kill.
You feel sick.
The black mamba rages.
The moth of wrath barely misses you. The moth of wrath bites you.
You are too berserk!
You feel sick.
The moth of wrath goads the eight-headed hydra on!
The eight-headed hydra goes berserk!
The moth of wrath barely misses you.
You swap places.
You feel a strong urge to attack something.
You feel sick.
The torpor snail bites your battlesphere.
The five-headed hydra bites your battlesphere!
The five-headed hydra completely misses your battlesphere.
The five-headed hydra bites your battlesphere!
Your battlesphere is destroyed!
The moth of wrath goads the polar bear on!
The polar bear goes berserk!
You feel sick.
You feel your anger nearly subside.
You feel yourself speed up.
You feel sick.
You are no longer berserk.
You are exhausted.
You feel yourself slow down.
You feel sick.
You hear an angry growl.
The eight-headed hydra attacks as you move away!
The eight-headed hydra bites you but does no damage.
The eight-headed hydra misses you.
The eight-headed hydra closely misses you.
The eight-headed hydra bites you!!
* * * LOW HITPOINT WARNING * * *
The eight-headed hydra misses you.
The eight-headed hydra barely misses you.
The eight-headed hydra bites you!
You die...

....PP....#..#.#...#...##..####..
#....#P...##.....#.##...P...##...
..######...#}.#.y.#.#......#.#...
.## #...©#=".©#...#Y.Y†........
.# ##...#[#SWDh.##............ ##
#...##)#y°w#.#©..........Y. #
#...#..#.##..##...YY....... ##..#
#..D#...#.##.........
#..##..#.@..##..#.........
#P..#......##..#..........
##..##.#####...#......#...
#...###..................
###......##........P.....
#.....##.....≈≈♣.≈≈♣....
#.P...#.....♣≈≈...≈≈....
#.....##...≈≈......≈≈...
##.....#....≈........≈≈≈.


You could see an eight-headed hydra (berserk) and a moth of wrath.

Vanquished Creatures
  An orc warlord (Orc:1)
  Harold (Orc:1)
  A vault guard (D:12)
  2 catoblepae
  5 boulder beetles
  8 hydras
  2 ogre magi
  A two-headed ogre (D:12)
  Erica (Lair:1)
  A centaur warrior (D:10)
  5 death yaks
  3 thrashing horrors (Lair:6)
  Amaemon (D:10)
  Lodul (D:10)
  A large abomination (Lair:6)
  A sea snake (Lair:3)
  2 deep elf pyromancers
  3 orc knights
  7 orc sorcerers (Orc:1)
  4 ugly things
  4 manticores
  A cyclops (D:11)
  A salamander (shapeshifter) (Lair:6)
  5 black mambas
  A torpor snail (Lair:6)
  10 elephants
  A black mamba (shapeshifter) (Lair:6)
  An orange demon (D:10)
  An elephant (shapeshifter) (Lair:6)
  A gargoyle (D:12)
  19 cane toads
  6 kobold demonologists
  5 rime drakes
  2 unseen horrors
  9 komodo dragons
  An efreet (D:12)
  An ancient zyme (Lair:6)
  3 meliai (Spider:1)
  2 polar bears
  A troll (shapeshifter) (Lair:6)
  11 trolls
  9 hornets
  A hornet (shapeshifter) (D:10)
  13 blink frogs
  A blink frog (shapeshifter) (D:10)
  A centaur simulacrum (D:10)
  2 jumping spiders (Spider:1)
  2 shadows (D:11)
  A vampire (D:10)
  2 spriggans (Lair:6)
  A culicivora (Spider:1)
  2 wraiths (D:12)
  3 wyverns
  75 yaks
  3 chaos spawn (Lair:6)
  Eustachio (D:5)
  A steam dragon (Lair:3)
  9 basilisks
  Grum (D:9)
  8 vampire mosquitoes
  A warg (Orc:1)
  12 small abominations (Lair:6)
  A naga (shapeshifter) (D:13)
  17 water moccasins
  A floating eye (Orc:1)
  A sky beast (D:7)
  10 orc warriors
  An ice beast (D:8)
  2 black bears
  12 wolves
  4 centaurs
  16 ogres
  2 phantoms (D:5)
  2 kobold brigands
  11 bullfrogs
  A necrophage (D:5)
  A gnoll sergeant (D:6)
  3 scorpions
  3 wights (D:8)
  An electric eel (Lair:4)
  A nameless horror (D:12)
  9 howler monkeys
  3 orc priests
  7 hounds
  A gnoll shaman (D:5)
  5 iguanas
  14 orc wizards
  9 hell rats (Lair:1)
  21 gnolls
  6 adders
  12 river rats (Lair:1)
  5 white imps
  4 ufetubi
  A worm (D:2)
  A dart slug (D:2)
  45 orcs
  6 endoplasms
  2 giant cockroaches
  5 goblins
  4 hobgoblins
  2 jackals (D:4)
  14 kobolds
  16 quokkas
  4 ball pythons
  5 bats
  2 frilled lizards
  19 rats
  3 butterflies
601 creatures vanquished.

Vanquished Creatures (collateral kills)
  An ugly thing (D:13)
  A cane toad (Lair:6)
  A komodo dragon (Lair:5)
  A steam dragon (D:8)
  An orc warrior (Orc:1)
  2 bullfrogs
  A gnoll sergeant (D:6)
  A jelly (D:4)
  A howler monkey (D:3)
  A hound (D:4)
  A gnoll (D:2)
  6 orcs
  A jackal (D:4)
19 creatures vanquished.

Vanquished Creatures (others)
  A yak (Lair:5)
  5 bushes (Lair:6)
  27 fungi
  82 plants
115 creatures vanquished.

Grand Total: 735 creatures vanquished

Notes
Turn   | Place    | Note
-------+----------+-------------------------------------------
     0 | D:1      | dabmancer the Spriggan Hedge Wizard began the quest for the
                  | Orb.
     0 | D:1      | Reached XP level 1. HP: 9/9 MP: 6/6
   727 | D:1      | Reached XP level 2. HP: 13/13 MP: 6/8
   909 | D:1      | Found Caxu's Jewellery Boutique.
  2461 | D:2      | Reached skill level 1 in Conjurations
  2546 | D:2      | Reached XP level 3. HP: 16/16 MP: 8/10
  2919 | D:2      | Reached skill level 5 in Spellcasting
  3051 | D:2      | Learned a level 2 spell: Blink
  3054 | D:2      | Learned a level 2 spell: Call Imp
  3056 | D:2      | Learned a level 1 spell: Slow
  3529 | D:3      | Found a glowing golden altar of the Shining One.
  4112 | D:3      | Reached XP level 4. HP: 10/21 MP: 2/12
  4322 | D:3      | Found a faded altar of an unknown god.
  4392 | D:3      | Found a hide-covered altar of Uskayaw.
  4817 | D:3      | Reached skill level 1 in Summonings
  5037 | D:4      | Noticed a scorpion
  5169 | D:4      | Found a burning altar of Makhleb.
  5210 | D:4      | Reached XP level 5. HP: 24/24 MP: 8/14
  5349 | D:4      | Reached skill level 6 in Spellcasting
  6105 | D:4      | Reached XP level 6. HP: 28/28 MP: 11/16
  6325 | D:4      | Reached skill level 1 in Evocations
  6678 | D:4      | HP: 1/28 [poisoned by a scorpion]
  7405 | D:4      | Reached skill level 7 in Spellcasting
  7789 | D:4      | Reached XP level 7. HP: 32/32 MP: 7/18
  7951 | D:5      | Entered Level 5 of the Dungeon
  7955 | D:5      | Identified the +0 leather armour of Existentialism {Will++
                  | rCorr Stlth-}
  8222 | D:5      | Noticed Eustachio
  8838 | D:5      | Found an iron altar of Okawaru.
  8846 | D:5      | Identified the +6 spear "Beastbane" {drain, rPois rF- rC+
                  | Int+4}
  8870 | D:5      | Reached skill level 8 in Spellcasting
  9692 | D:5      | Learned a level 3 spell: Conjure Flame
  9696 | D:5      | Learned a level 3 spell: Mephitic Cloud
  9858 | D:5      | Killed Eustachio
  9961 | D:6      | Reached XP level 8. HP: 36/36 MP: 11/21
 10091 | D:6      | Reached skill level 9 in Spellcasting
 11030 | D:5      | Reached skill level 10 in Spellcasting
 11096 | D:6      | Reached skill level 5 in Dodging
 11255 | D:6      | Found a staircase to the Ecumenical Temple.
 11268 | Temple   | Entered the Ecumenical Temple
 11388 | D:6      | Found a snail-covered altar of Cheibriados.
 11388 | D:6      | Found a shimmering blue altar of Sif Muna.
 11388 | D:6      | Found an ornate altar of the Wu Jian Council.
 11395 | D:6      | Became a worshipper of Sif Muna the Loreminder
 11418 | D:6      | Learned a level 3 spell: Vampiric Draining
 11718 | D:6      | Found a bloodstained altar of Trog.
 11728 | D:6      | Found a white marble altar of Elyvilon.
 11946 | D:7      | Reached XP level 9. HP: 39/39 MP: 24/24
 12484 | D:6      | Reached skill level 5 in Stealth
 12906 | D:8      | Reached * piety under Sif Muna
 13000 | D:8      | Reached skill level 1 in Polearms
 13222 | D:8      | Found an opulent altar of Gozag.
 13343 | D:8      | Reached skill level 11 in Spellcasting
 13387 | D:8      | Reached skill level 5 in Conjurations
 13439 | D:8      | Reached skill level 1 in Fighting
 13577 | D:8      | Learned a level 5 spell: Iskenderun's Battlesphere
 14186 | D:9      | Reached XP level 10. HP: 26/45 MP: 20/26
 14331 | D:9      | Noticed a manticore
 14339 | D:9      | Killed a manticore
 14368 | D:9      | Found a stormy altar of Qazlal.
 14389 | D:9      | Reached skill level 12 in Spellcasting
 14682 | D:9      | Noticed Grum
 14711 | D:9      | Killed Grum
 14957 | D:10     | Entered Level 10 of the Dungeon
 14994 | D:10     | Reached ** piety under Sif Muna
 15631 | D:10     | Found a staircase to the Lair.
 15639 | D:10     | Noticed a centaur warrior
 15673 | D:10     | Noticed an ogre mage
 15744 | D:10     | Reached skill level 13 in Spellcasting
 15844 | D:10     | Noticed a deep elf pyromancer
 15861 | D:10     | Noticed an orc knight
 16220 | D:10     | Noticed an orange demon
 16271 | D:10     | Killed an orc knight
 16272 | D:10     | Reached XP level 11. HP: 45/50 MP: 1/29
 16497 | D:10     | Noticed a white ugly thing
 16557 | D:10     | Killed a white ugly thing
 16558 | D:10     | Reached skill level 1 in Poison Magic
 16618 | D:10     | Noticed Lodul
 16639 | D:10     | Killed Lodul
 16661 | D:10     | Reached skill level 1 in Fire Magic
 16940 | D:10     | Noticed a boulder beetle
 17074 | D:10     | Killed a boulder beetle
 17784 | D:10     | Noticed Amaemon
 17881 | D:10     | Killed an ogre mage
 17882 | D:10     | Reached skill level 14 in Spellcasting
 18175 | D:10     | Killed Amaemon
 18588 | D:10     | Learned a level 5 spell: Fireball
 18686 | D:10     | Killed a centaur warrior
 19026 | D:10     | Killed a deep elf pyromancer
 19139 | D:10     | Reached skill level 15 in Spellcasting
 19359 | Lair:1   | Entered Level 1 of the Lair of Beasts
 19831 | Lair:1   | Reached XP level 12. HP: 42/56 MP: 22/32
 19993 | Lair:1   | Reached *** piety under Sif Muna
 20312 | Lair:1   | Identified the +2 quarterstaff of a Million Lives {freeze,
                  | *Noise rElec rPois Int+9}
 20319 | Lair:1   | Noticed Erica
 20328 | Lair:1   | Killed Erica
 20734 | Lair:1   | Learned a level 5 spell: Irradiate
 20744 | Lair:1   | Learned a level 4 spell: Olgreb's Toxic Radiance
 20910 | Lair:1   | Reached **** piety under Sif Muna
 21234 | Lair:2   | Noticed a boulder beetle
 21362 | Lair:2   | Killed a boulder beetle
 21559 | Lair:2   | Noticed a seven-headed hydra
 21565 | Lair:2   | Killed a seven-headed hydra
 21696 | Lair:2   | Noticed a four-headed hydra
 21736 | Lair:2   | Killed a four-headed hydra
 21737 | Lair:2   | Reached skill level 16 in Spellcasting
 22197 | Lair:2   | Reached skill level 1 in Necromancy
 22253 | Lair:2   | You fall into a shaft and drop 1 floor!
 22557 | Lair:3   | Noticed a five-headed hydra
 22636 | Lair:2   | Found a radiant altar of Vehumet.
 22852 | Lair:2   | Learned a level 4 spell: Summon Ice Beast
 23285 | D:11     | Reached skill level 1 in Staves
 23646 | D:11     | Reached skill level 17 in Spellcasting
 23817 | D:11     | Noticed a four-headed hydra
 23820 | D:11     | Killed a four-headed hydra
 24055 | D:11     | Noticed a five-headed hydra
 24064 | D:11     | Killed a five-headed hydra
 24065 | D:11     | Reached XP level 13. HP: 59/59 MP: 20/35
 24337 | D:11     | Found a staircase to the Orcish Mines.
 24549 | Orc:1    | Entered Level 1 of the Orcish Mines
 24685 | D:11     | Reached skill level 1 in Transmutations
 24996 | Orc:1    | Reached ***** piety under Sif Muna
 25468 | Orc:1    | Received a gift from Sif Muna
 25564 | Orc:1    | Noticed an orc warlord
 25597 | Orc:1    | Killed an orc warlord
 25991 | Orc:1    | Noticed Harold
 26006 | Orc:1    | Killed Harold
 26184 | Orc:1    | Paralysed by a floating eye for 3 turns
 26344 | Orc:1    | Paralysed by a hornet for 3 turns
 26348 | Orc:1    | Reached skill level 18 in Spellcasting
 26914 | D:12     | Reached skill level 1 in Ice Magic
 27307 | D:12     | Reached skill level 5 in Transmutations
 28041 | D:12     | Found a portal to a secret trove of treasure.
 29514 | Lair:3   | Reached XP level 14. HP: 63/63 MP: 19/37
 29519 | Lair:3   | Identified a scroll of acquirement
 29520 | Lair:3   | Acquired the amulet of the Tempest {Reflect rC+ Regen+
                  | SH+5}
 29785 | Lair:3   | Received a gift from Sif Muna
 29789 | Lair:3   | Got Ofoig's Grimoire of Unstable Clay {god gift}
 29796 | Lair:3   | Learned a level 5 spell: Alistair's Intoxication
 29874 | Lair:3   | Reached skill level 10 in Conjurations
 29966 | Lair:3   | Got the Catalogue of the Curious Underlurkers
 29972 | Lair:3   | Learned a level 4 spell: Iskenderun's Mystic Blast
 30163 | Lair:3   | Found a staircase to the Shoals.
 30596 | Shoals:1 | Entered Level 1 of the Shoals
 30863 | Lair:4   | Reached skill level 5 in Translocations
 31293 | Lair:4   | Found a hole to the Spider Nest.
 31304 | Lair:4   | Reached skill level 19 in Spellcasting
 31977 | Spider:1 | Entered Level 1 of the Spider Nest
 33946 | Lair:6   | Entered Level 6 of the Lair of Beasts
 35235 | Lair:6   | Reached skill level 5 in Polearms
 35800 | Lair:6   | Received a gift from Sif Muna
 35801 | Lair:6   | Got Sif Muna's Papyrus of Spatial Creation {god gift}
 37206 | Lair:6   | Found a transporter.
 37210 | Lair:6   | Found a transporter.
 37214 | Lair:6   | Noticed Eringya2's ghost (journeyman SpEn)
 37499 | Lair:6   | Reached skill level 20 in Spellcasting
 37575 | Lair:6   | Reached XP level 15. HP: 65/67 MP: 27/40
 37714 | Lair:6   | Reached skill level 10 in Transmutations
 38914 | Lair:6   | Found a corrupted altar of Lugonu.
 38914 | Lair:6   | Found a one-way gate to the infinite horrors of the Abyss.
 39796 | Lair:6   | Identified the +1 robe of Springtime {Rampage}
 40156 | Lair:6   | Mangled by an eight-headed hydra

Illustrated notes

Levels and vault maps discovered:
D:1:      eino_arrival_cavern_b, layout_basic, serial_shops, shop,
          serial_bayou_pond_d, st_stairs_4
D:2:      layout_basic
D:3:      layout_rooms, lemuel_tele_altar, lemuel_doored_altar,
          dreamdust_ecumenical_altar_angels_and_demons
D:4:      layout_basic, makhleb_blood_cavern_becter, gup_sewer_entry_pipe,
          serial_forest, infiniplex_forest_lined_2, infiniplex_forest_lined_2,
          infiniplex_forest_clump_long, infiniplex_forest_straight_4,
          infiniplex_forest_straight_2, infiniplex_forest_lined_1,
          infiniplex_forest_corner_1, infiniplex_forest_3_way,
          infiniplex_forest_lined_ring, infiniplex_forest_clump_curved,
          minmay_pentangle
D:5:      layout_loops_ring, okawaru_ov_weapons_minmay,
          chequers_serial_rivers_small_b, uniq_eustachio
D:6:      layout_cave_pools, gammafunk_temple_overflow_claw,
          mainiacjoe_overflow_swirl, minmay_temple_entry_ruins,
          grunt_ministairs_8, minmay_bent
D:7:      layout_gridville
D:8:      layout_loops_corners, kennysheep_little_box
D:9:      layout_basic, mainiacjoe_overflow_24_doors, wad_floor_pattern_2,
          uniq_grum
D:10:     layout_long_grid, lair_entry_dummy, minmay_the_grid_2x2
          [minmay_the_grid_holed_spiral, minmay_the_grid_x,
          minmay_the_grid_large_cup, minmay_the_grid_prize_four_corners],
          uniq_amaemon, uniq_lodul
D:11:     layout_loops_ring, orc_0_dummy
D:12:     layout_loops_cross, enter_trove_5
D:13:     layout_cave_pools, uniq_urug
Temple:   minmay_freezing_vapour_temple
Lair:1:   lemuel_ratsnest, layout_gridlike, serial_rivers,
          chequers_serial_rivers_small_3, chequers_serial_rivers_large_a,
          chequers_serial_rivers_marsh, chequers_serial_rivers_micro_a,
          chequers_serial_rivers_marsh, chequers_serial_rivers_large_b,
          infiniplex_staircase_pool_2, lemuel_fruit_tree, lemuel_fruit_fields,
          uniq_erica
Lair:2:   layout_hall_layers, lemuel_oklob_altar, infiniplex_staircase_pool
Lair:3:   layout_loops_ring, elwin_shoals_entry_rocks, dreamdust_wasp_nest,
          grunt_megastairs_2, lemuel_fruit_fields, lemuel_fruit_fields
Lair:4:   layout_cave_shapes, spider_nest_entry_web_field, serial_bayou_shore_a,
          grunt_megastairs_4, serial_bayou_shore_b, lemuel_fruit_fields
Lair:5:   layout_cave_pods, minivault_27, nicolae_lair_yak_garden
Lair:6:   hellmonk_lair_end_abyssal_woods, layout_layer_cave,
          minmay_slime_entry_oklob_enclosed, gammafunk_ghost_berserking_beasts,
          nicolae_lair_grazing_beasts [nicolae_sub_lair_graze_edge,
          nicolae_sub_lair_graze_edge, nicolae_sub_lair_graze_edge,
          nicolae_sub_lair_graze_edge]
Shoals:1: layout_shoals, lemuel_altar_in_water, nicolae_shoals_circle_sea_wall
Spider:1: spiders_nest_scorpion_pit, hangedman_spider_tarantella_strand,
          uniq_donald
Orc:1:    hellmonk_paralyzer, layout_caves, uniq_harold

Skill      XL: |  1  2  3  4  5  6  7  8  9 10 11 12 13 14 15 |
---------------+----------------------------------------------+-----
Conjurations   | 1 2 3 4 5 6 7 8 9 10 | 10.9
Spellcasting   | 5 6 7 8 10 11 13 15 17 18 20 | 20.5
Dodging        | 3 5 6 7 8 9 |  9.3
Summonings     | 1 2 3 4 |  4.8
Evocations     | 1 3 4 |  4.3
Translocations | 2 3 4 5 |  5.0
Stealth        | 4 5 6 |  6.1
Polearms       | 3 4 5 |  5.0
Fighting       | 1 2 |  2.6
Poison Magic   | 1 2 |  2.4
Fire Magic     | 1 2 |  2.8
Necromancy     | 2 |  2.3
Staves         | 1 |  1.1
Transmutations | 6 9 10 | 10.5
Ice Magic      | 1 2 |  2.3
Shields        | |  0.8
Hexes          | |  0.6
Air Magic      | |  0.7
Invocations    | |  0.6

Action                   |  1- 3 |  4- 6 |  7- 9 | 10-12 | 13-15 || total
-------------------------+-------+-------+-------+-------+-------++-------
Melee: Dagger            |    10 |     9 |       |       |       ||    19
       Spear             |       |       |   195 |   188 |    61 ||   444
       Punch             |       |       |     1 |     1 |     1 ||     3
       Rapier            |       |       |     3 |       |       ||     3
       Quarterstaff      |       |       |       |    26 |       ||    26
Throw: Dart              |       |       |     3 |    24 |     8 ||    35
       Throwing net      |       |       |     1 |     1 |       ||     2
       Boomerang         |       |       |       |     4 |     2 ||     6
       Stone             |       |       |       |     3 |       ||     3
 Cast: Magic Dart        |   156 |   210 |   349 |   578 |   727 ||  2020
       Call Imp          |     4 |    20 |    14 |    12 |       ||    50
       Slow              |       |       |     2 |       |       ||     2
       Blink             |       |       |     5 |    10 |       ||    15
       Iskenderun's Batt |       |       |       |    62 |   115 ||   177
       Mephitic Cloud    |       |       |       |     3 |       ||     3
       Conjure Flame     |       |       |       |     5 |     3 ||     8
       Fireball          |       |       |       |    12 |    61 ||    73
       Vampiric Draining |       |       |       |     9 |       ||     9
       Irradiate         |       |       |       |     6 |    46 ||    52
       Olgreb's Toxic Ra |       |       |       |     4 |    10 ||    14
       Summon Ice Beast  |       |       |       |     1 |    25 ||    26
       Iskenderun's Myst |       |       |       |       |    23 ||    23
Invok: Channel Magic     |       |       |       |       |     2 ||     2
Evoke: Wand              |       |     4 |     3 |    18 |     8 ||    33
       Lightning rod     |       |       |       |       |     3 ||     3
  Use: Potion            |       |     1 |       |     3 |     1 ||     5
       Scroll            |       |       |    10 |     9 |    11 ||    30
 Stab: Sleeping          |       |       |     1 |       |       ||     1
       Distracted        |       |       |       |       |     1 ||     1
Armor: Robe              |    10 |     3 |    56 |    51 |    46 ||   166
Dodge: Dodged            |    39 |    35 |   213 |   232 |   204 ||   723
Block: Other             |       |       |       |       |    26 ||    26
       Reflection        |       |       |       |       |     1 ||     1

Table legend: (Time is in decaauts)
 A = Elapsed time spent in this place.
 B = Non-inter-level travel time spent in this place.
 C = Inter-level travel time spent in this place.
 D = Time resting spent in this place.
 E = Time spent auto-exploring this place.
 F = Levels seen in this place.
 G = Mean time per level.
                   A        B        C        D        E       F      G
               +--------+--------+--------+--------+--------+-----+--------+
         Total |  33058 |  31937 |   1121 |   9295 |  15685 |  23 | 1437.3 |
       Dungeon |  18718 |  17853 |    865 |   3885 |   9519 |  13 | 1439.8 |
        Temple |     22 |     22 |      0 |      0 |      9 |   1 |   22.0 |
          Lair |  12794 |  12602 |    192 |   5130 |   5354 |   6 | 2132.3 |
        Shoals |     19 |     19 |      0 |      0 |      0 |   1 |   19.0 |
   Spider Nest |     19 |     19 |      0 |      2 |      0 |   1 |   19.0 |
  Orcish Mines |   1485 |   1421 |     64 |    277 |    802 |   1 | 1485.0 |
               +--------+--------+--------+--------+--------+-----+--------+

Top non-repeatable levels by time:
  Lair:6: 3778 daAuts
    D:10: 3052 daAuts
  Lair:5: 2963 daAuts
     D:4: 2256 daAuts
     D:5: 2026 daAuts
  Lair:1: 1842 daAuts
     D:1: 1664 daAuts
    D:12: 1616 daAuts
    D:11: 1542 daAuts
  Lair:3: 1515 daAuts
   Orc:1: 1485 daAuts
  Lair:2: 1485 daAuts
     D:2: 1464 daAuts
     D:3: 1302 daAuts
  Lair:4: 1209 daAuts
